 Dungeon Crawl Stone Soup version 0.27.1-1-g398f81649c (webtiles) character file.

Game seed: 15117515301336344655

13323 Woods the Thaumaturge (level 12, -13/102 HPs)
             Began as a Djinni Transmuter on Sept 19, 2021.
             Was a High Priest of Cheibriados.
             Mangled by a death yak (23 damage)
             ... on level 11 of the Dungeon.
             The game lasted 00:27:11 (17257 turns).

Woods the Thaumaturge (Djinni Transmuter)          Turns: 17257, Time: 00:27:11

Health: -13/102    AC: 13    Str: 28    XL:     12   Next: 31%
Gold:   681        EV: 14    Int: 31    God:    Cheibriados [*****.] SH:  5 Dex: 26

rFire    x . .     SeeInvis .     - Unarmed
rCold    + + +     Faith    .   (shield currently unavailable)
rNeg     . . .     Spirit   .   (armour currently unavailable)
rPois    ∞         Reflect  +   (helmet currently unavailable)
rElec    .         Harm     .   (cloak currently unavailable)
rCorr    .         Rampage  .   (gloves currently unavailable)
Will     +....                  (boots unavailable)
Stlth    ++........             D - amulet of reflection
HPRegen  0.27/turn              o - +6 ring of strength
MPRegen  0.00/turn              (no ring)

@: ice-form, flying, studying Maces & Flails, very slow
A: freezing attack, flying, boosted hp, sickness immunity, large, (fire
resistance 2), (cold vulnerability 1), float, innate caster, hp casting, extra
vitality 1
a: End Transformation, Renounce Religion, Bend Time, Temporal Distortion,
Slouch, Step From Time


You were on level 11 of the Dungeon.
You worshipped Cheibriados.
Cheibriados was extremely pleased with you.
You were a creature of crystalline ice.
You visited 2 branches of the dungeon, and saw 12 of its levels.
You also visited: Ice Cave.

You collected 681 gold pieces.

Inventory:

Missiles
 G - a throwing net
Armour
 a - a +0 robe
 e - a scarf of harm
 g - a +0 cloak (melded)
 z - +0 steam dragon scales
 H - a +0 chain mail (melded)
 J - a +0 tower shield of cold resistance
 M - a +0 plate armour
Magical Staves
 p - a staff of fire
Jewellery
 k - a ring of ice
 o - a +6 ring of strength (left front paw)
 u - a ring of ice
 v - a ring of ice
 A - a +4 ring of protection
 D - an amulet of reflection (around neck)
Wands
 m - a wand of polymorph (15)
 q - a wand of flame (64)
 t - a wand of acid (19)
 I - a wand of iceblast (6)
Scrolls
 c - 2 scrolls of noise {unknown}
 h - a scroll of magic mapping {unknown}
 y - a scroll of blinking {unknown}
 B - a scroll of fear {unknown}
 E - a scroll of acquirement {unknown}
 F - 2 scrolls of identify
 K - a scroll of enchant weapon {unknown}
Potions
 b - a potion of brilliance {unknown}
 f - 3 potions of heal wounds {unknown}
 i - 4 potions of lignification
 j - a potion of attraction {unknown}
 l - 5 potions of mutation
 n - a potion of curing
 s - 2 potions of invisibility {unknown}
 w - 3 potions of flight {unknown}
 x - a potion of degeneration {unknown}
Miscellaneous
 C - a tin of tremorstones (2/2)
 L - a lightning rod (4/4)


   Skills:
 - Level 7.0 Fighting
 - Level 5.0 Dodging
 - Level 10.0 Unarmed Combat
 + Level 11.2 Spellcasting


You had 10 spell levels left.
You knew the following spells:

 Your Spells              Type           Power      Damage    Failure   Level
a - Beastly Appendage     Tmut           100%       N/A       1%          1
b - Wereblood             Tmut           72%        N/A       1%          2
c - Spider Form           Tmut/Pois      36%        N/A       1%          3
d - Ice Form              Ice/Tmut       72%        N/A       1%          4
e - Sting                 Tmut/Pois      100%       1d8       1%          1
f - Static Discharge      Conj/Air       72%        N/A       1%          2
g - Portal Projectile     Hex/Tloc       100%       N/A       1%          3
h - Vampiric Draining     Necr           36%        2d11      1%          3
i - Leda's Liquefaction   Hex/Erth       36%        N/A       1%          4
Your spell library was empty.

Dungeon Overview and Level Annotations

Branches:
Dungeon (11/15)            Temple (1/1) D:4            Lair (0/6) D:11
  IceCv (visited)
    Orc: D:9-12

Altars:
Ashenzari
Cheibriados
Dithmenos
Elyvilon
Fedhas
Gozag
Hepliaklqana
Kikubaaqudgha
Makhleb
Nemelex Xobeh
Okawaru
Qazlal
Ru
Sif Muna
Trog
Uskayaw
Vehumet
Wu Jian
Xom
Yredelemnul
Zin
The Shining One

Annotations:
D:4 2 transporters, speeev33's ghost, amateur HOFi
D:6 2 transporters
D:11 Erolcha


Innate Abilities, Weirdness & Mutations

You are a creature of crystalline ice.
You have a powerful freezing melee attack.
You are flying.
Your maximum health is increased.
Your armour is entirely melded.
You are incapable of wielding weapons or throwing items.
You are immune to sickness and miasma.
You are immune to poison.
((Your flesh is very heat resistant. (rF++)))
((You are vulnerable to cold. (rC-)))
You float through the air rather than walking.
You learn spells naturally, not from books.
Your magical power is your life essence.
You have superior vitality. (+4 HP)


Message History

The barbed spikes become lodged in your body.
Unknown command.
As you read the scroll of teleportation, it crumbles to dust.
You feel strangely unstable.
The manticore flicks its tail.
The volley of spikes hits you!
The barbed spikes become lodged in your body.
The barbed spikes dig painfully into your body as you move.
Your surroundings suddenly seem different.
The barbed spikes dig painfully into your body as you move.
As you read the scroll of fog, it crumbles to dust.
The scroll dissolves into smoke.
The barbed spikes dig painfully into your body as you move.
The barbed spikes dig painfully into your body as you move.
The barbed spikes dig painfully into your body as you move.
* * * LOW HITPOINT WARNING * * *
The death yak bellows!
You hear a bellow!
You feel better.
The yak bellows!
Okay, then.
The flow of time bends around you.
You carefully extract the barbed spikes from your body.
The yak bellows! x2; You hear a bellow!
A yak comes into view.
The death yak snorts and paws the ground.
The death yak gores you.
The yak snorts and paws the ground.
The death yak gores you!
* * * LOW HITPOINT WARNING * * *
The death yak gores you.
* * * LOW HITPOINT WARNING * * *
The death yak gores you but does no damage.
The yak gores you but does no damage. The death yak gores you!
* * * LOW HITPOINT WARNING * * *
The yak completely misses you.
There is a stone staircase leading up here.
You block the yak's attack. The death yak barely misses you.
The death yak gores you!!
You die...

....###..)§§.§.......
..........§§§§##..#....
.........§§§§.#........
.........§.............
..........§...Y........
......................Y
.............Y.........
............YYYY.......
.........≈≈≈.YY........
#########≈≈≈###########
#≈≈≈# #####


You could see 3 death yaks and 4 yaks.

Vanquished Creatures
  4 two-headed ogres
  A necromancer (D:9)
  Pikel (D:4)
  An ugly thing (IceCv)
  3 ice statues (IceCv)
  A komodo dragon (D:11)
  2 rime drakes (D:11)
  An unseen horror (D:10)
  An anaconda simulacrum (IceCv)
  A freezing wraith (IceCv)
  An entropy weaver simulacrum (IceCv)
  A hornet (D:7)
  Prince Ribbit (D:9)
  Sigmund (D:6)
  2 shadows
  2 wyverns (D:7)
  A yak (D:10)
  2 steam dragons
  2 death yak simulacra (IceCv)
  2 water moccasins (D:6)
  2 acid dragons
  3 orc warriors
  A sky beast (D:7)
  3 ice beasts
  8 centaurs
  2 ogres
  2 kobold brigands
  A wyvern zombie (D:8)
  Blork the orc (D:4)
  A gnoll sergeant (D:10)
  A cane toad simulacrum (IceCv)
  2 water moccasin skeletons
  14 killer bees
  7 wights
  6 howler monkeys
  A centaur zombie (D:6)
  3 hounds
  2 jellies
  3 orc priests
  A bullfrog skeleton (D:7)
  3 centaur skeletons (D:7)
  Terence (D:3)
  3 iguanas
  17 orc wizards
  Natasha (thrice) (D:4)
  3 polar bear simulacra
  2 yak simulacra (D:9)
  4 wolf simulacra
  5 gnolls (D:10)
  11 adders
  3 shadow imps
  A white imp (D:7)
  3 dart slugs
  29 orcs
  8 ball pythons
  7 endoplasms
  A giant cockroach (D:4)
  7 goblins
  7 hobgoblins
  2 jackals (D:4)
  3 quokkas (D:5)
  A bat (D:2)
  3 frilled lizards
  14 kobolds
  6 rats
  5 river rat simulacra (D:9)
247 creatures vanquished.

Vanquished Creatures (others)
  3 plants (D:3)
3 creatures vanquished.

Grand Total: 250 creatures vanquished

Notes
Turn   | Place    | Note
-------+----------+-------------------------------------------
     0 | D:1      | Woods the Djinni Transmuter began the quest for the Orb.
     0 | D:1      | Reached XP level 1. HP: 17/17 MP: 0/0
   171 | D:1      | Reached XP level 2. HP: 18/22 MP: 0/0
   367 | D:1      | Found a faded altar of an unknown god.
  1347 | D:2      | Reached XP level 3. HP: 22/28 MP: 0/0
  1347 | D:2      | Learned a level 1 spell: Sting
  1814 | D:2      | Reached XP level 4. HP: 22/34 MP: 0/0
  2168 | D:2      | HP: 1/34 [adder (2)]
  2854 | D:3      | Reached XP level 5. HP: 37/40 MP: 0/0
  2854 | D:3      | Learned a level 2 spell: Static Discharge
  2950 | D:3      | Found a blossoming altar of Fedhas.
  2953 | D:3      | Noticed Terence
  2965 | D:3      | Killed Terence
  3456 | D:4      | Found a transporter.
  3456 | D:4      | Noticed speeev33's ghost (amateur HOFi)
  3775 | D:4      | Noticed Natasha
  3782 | D:4      | Killed Natasha
  3783 | D:4      | Reached XP level 6. HP: 38/47 MP: 0/0
  3860 | D:4      | Noticed Blork the orc
  3872 | D:4      | Killed Blork the orc
  3873 | D:4      | Reached skill level 5 in Unarmed Combat
  3908 | D:4      | Noticed Natasha
  3941 | D:4      | Killed Natasha
  4422 | D:4      | Noticed Natasha
  4433 | D:4      | Killed Natasha
  4615 | D:4      | Found a transporter.
  4685 | D:4      | Noticed Pikel
  4709 | D:4      | Killed Pikel
  4710 | D:4      | Reached skill level 4 in Spellcasting
  4710 | D:4      | Reached XP level 7. HP: 23/52 MP: 0/0
  4710 | D:4      | Learned a level 3 spell: Portal Projectile
  4710 | D:4      | Reached XP level 8. HP: 26/58 MP: 0/0
  5161 | D:4      | Found a staircase to the Ecumenical Temple.
  5245 | Temple   | Entered the Ecumenical Temple
  5469 | Temple   | Became a worshipper of Cheibriados the Contemplative
  5579 | D:5      | Entered Level 5 of the Dungeon
  6060 | D:5      | Reached skill level 5 in Spellcasting
  6931 | D:6      | Reached * piety under Cheibriados
  7149 | D:6      | Reached skill level 6 in Spellcasting
  7406 | D:6      | Noticed a kobold demonologist
  7406 | D:6      | Noticed a gargoyle
  7408 | D:6      | Found a bloodstained altar of Trog.
  7408 | D:6      | Noticed an eight-headed hydra
  7408 | D:6      | Noticed a troll
  7410 | D:6      | Noticed a yak
  7422 | D:6      | Found a transporter.
  7503 | D:6      | Found a transporter.
  7521 | D:6      | Reached XP level 9. HP: 61/62 MP: 0/0
  7521 | D:6      | Learned a level 3 spell: Vampiric Draining
  7534 | D:6      | Noticed Sigmund
  7558 | D:6      | Killed Sigmund
  7824 | D:6      | Found a hide-covered altar of Uskayaw.
  7889 | D:6      | Reached skill level 5 in Fighting
  8305 | D:6      | Reached ** piety under Cheibriados
  8709 | D:7      | Noticed a hornet
  8718 | D:7      | Killed a hornet
  9086 | D:7      | Reached skill level 5 in Dodging
  9320 | D:7      | Reached XP level 10. HP: 60/73 MP: 0/0
  9768 | D:7      | Reached *** piety under Cheibriados
 11425 | D:8      | Reached skill level 10 in Unarmed Combat
 12503 | D:9      | Found a basalt altar of Yredelemnul.
 12505 | D:9      | Reached **** piety under Cheibriados
 12655 | D:9      | Noticed Prince Ribbit
 12662 | D:9      | Killed Prince Ribbit
 12875 | D:9      | Noticed a necromancer
 12885 | D:9      | Killed a necromancer
 12886 | D:9      | Reached skill level 7 in Spellcasting
 12993 | D:9      | Reached XP level 11. HP: 79/79 MP: 0/0
 12993 | D:9      | Learned a level 4 spell: Leda's Liquefaction
 13246 | D:9      | Noticed a deep elf pyromancer
 13366 | D:9      | Noticed a two-headed ogre
 13376 | D:9      | Killed a two-headed ogre
 13377 | D:9      | Reached skill level 8 in Spellcasting
 13739 | D:10     | Entered Level 10 of the Dungeon
 13739 | D:10     | Noticed a two-headed ogre
 13746 | D:10     | Killed a two-headed ogre
 14098 | D:10     | Reached skill level 9 in Spellcasting
 14599 | D:10     | Found an opulent altar of Gozag.
 14767 | D:10     | Reached ***** piety under Cheibriados
 14941 | D:10     | Noticed a two-headed ogre
 14953 | D:10     | Killed a two-headed ogre
 15283 | D:11     | Noticed a manticore
 15295 | D:11     | Noticed a two-headed ogre
 15302 | D:11     | Killed a two-headed ogre
 15315 | D:11     | Found a staircase to the Lair.
 15317 | D:11     | Noticed a death yak
 15318 | D:11     | Noticed a death yak
 15501 | D:11     | Found a frozen archway.
 15504 | D:11     | Reached skill level 10 in Spellcasting
 15516 | IceCv    | Entered an ice cave
 15660 | IceCv    | Noticed a white ugly thing
 15666 | IceCv    | Killed a white ugly thing
 15877 | IceCv    | Reached XP level 12. HP: 57/85 MP: 0/0
 16752 | D:11     | Reached skill level 11 in Spellcasting
 16941 | D:11     | Noticed Erolcha
 17091 | D:11     | Noticed a death yak
 17257 | D:11     | Mangled by a death yak

Illustrated notes

Levels and vault maps discovered:
D:1:      lightli_arrival_flooded_house, layout_basic, serial_rivers,
          chequers_serial_rivers_small_b, chequers_serial_rivers_small_3,
          chequers_serial_rivers_micro_a, chequers_serial_rivers_micro_d,
          chequers_serial_rivers_small_b,
          dreamdust_ecumenical_altar_angels_and_demons,
          chequers_serial_rivers_marsh
D:2:      cheibrodos_pilgrimage, layout_rooms, minmay_strange_pillars
D:3:      layout_basic, fedhas_altar_1, mainiacjoe_overflow_paths,
          serial_bayou_ford_a, uniq_terence
D:4:      layout_cave_pools, minmay_temple_entry_enclosed_plants,
          gammafunk_ghost_mausoleum, minivault_23, uniq_natasha,
          uniq_blork_the_orc, uniq_pikel
D:5:      layout_basic
D:6:      layout_basic, gammafunk_temple_overflow_arena,
          mainiacjoe_overflow_surrounded_room, uniq_sigmund
D:7:      minmay_razor_zed, layout_basic
D:8:      layout_gridville, serial_park_tiny_pond, hangedman_decor_slide_cut,
          kennysheep_generic_room_11
D:9:      layout_roguey, lemuel_tele_altar, eino_house_with_fridge,
          uniq_prince_ribbit1
D:10:     layout_rooms, nicolae_gozag_cash_rules_everything_around_me
D:11:     layout_big_octagon, dpeg_lair_monsters, orc_0_dummy,
          portal_ice_cave_rime, uniq_erolcha
Temple:   eino_temple_scatter_basement

Skill      XL: |  1  2  3  4  5  6  7  8  9 10 11 12 |
---------------+-------------------------------------+-----
Fighting       | 2 3 4 6 7 |  7.0
Unarmed Combat | 4 6 7 10 | 10.0
Spellcasting   | 4 6 7 10 11 | 11.2
Dodging        | 5 |  5.0

Action                   |  1- 3 |  4- 6 |  7- 9 | 10-12 || total
-------------------------+-------+-------+-------+-------++-------
Melee: Unarmed           |    87 |   180 |   254 |   364 ||   885
       Headbutt          |    12 |    14 |    26 |       ||    52
       Punch             |       |     1 |     3 |       ||     4
 Cast: Beastly Appendage |    18 |    19 |    13 |       ||    50
       Spider Form       |       |     5 |    10 |    32 ||    47
       Wereblood         |       |       |     3 |     5 ||     8
       Ice Form          |       |       |     2 |    17 ||    19
       Vampiric Draining |       |       |     1 |     1 ||     2
       Leda's Liquefacti |       |       |       |     1 ||     1
Invok: Bend Time         |       |       |       |     1 ||     1
  Use: Scroll            |       |       |     1 |     8 ||     9
       Potion            |       |       |       |     3 ||     3
 Stab: Sleeping          |     1 |     2 |     2 |       ||     5
       Distracted        |       |       |     1 |       ||     1
Armor: Robe              |    21 |    35 |    24 |       ||    80
       Skin              |       |       |     9 |    76 ||    85
       Steam dragon scal |       |       |       |     6 ||     6
       Chain mail        |       |       |       |     4 ||     4
Dodge: Dodged            |    44 |    98 |   165 |   360 ||   667
Block: Other             |       |       |       |    53 ||    53
       Reflection        |       |       |       |     6 ||     6
